 Dungeon Crawl Stone Soup version 0.27-a0-1193-g8631133539 (webtiles) character file.

Game seed: 16061839574615770231

11181 leviel the Cleaver (level 11, 0/151 HPs)
             Began as a Hill Orc Fighter on May 25, 2021.
             Slain by a 17-headed hydra (1 damage)
             ... on level 1 of the Lair of Beasts.
             The game lasted 00:14:18 (11974 turns).

leviel the Cleaver (Hill Orc Fighter)              Turns: 11974, Time: 00:14:19

Health: 0/151      AC: 19    Str: 23    XL:     11   Next: 73%
Magic:  11/11      EV:  6    Int:  8    God:
Gold:   570        SH: 12    Dex: 10    Spells: 10/10 levels left

rFire    . . .     SeeInvis .   a - +2 war axe (drain)
rCold    . . .     Faith    .   c - +0 kite shield
rNeg     . . .     Spirit   .   f - +1 plate armour
rPois    .         Reflect  .   (no helmet)
rElec    .         Harm     .   z - +0 cloak
rCorr    .         Rampage  .   g - +0 pair of gloves
Will     .....                  q - +0 pair of boots
Stlth    ..........             (no amulet)
HPRegen  0.35/turn              (no ring)
MPRegen  0.12/turn              (no ring)

@: berserking, very quick
A: no striking features
a: no special abilities


You were on level 1 of the Lair of Beasts.
You visited 3 branches of the dungeon, and saw 12 of its levels.

You collected 570 gold pieces.

Inventory:

Hand Weapons
 a - a +2 war axe of draining (weapon)
 F - a +0 broad axe
Missiles
 b - a curare-tipped dart
 y - 4 atropa-tipped darts
Armour
 c - a +0 kite shield (worn)
 f - a +1 plate armour (worn)
 g - a +0 pair of gloves (worn)
 q - a +0 pair of boots (worn)
 z - a +0 cloak (worn)
Wands
 o - a wand of flame (15) (quivered)
 s - a wand of charming (7)
 v - a wand of polymorph (1)
 A - a wand of iceblast (14)
 B - a wand of acid (11)
Scrolls
 D - 2 scrolls of amnesia
Potions
 d - a potion of might
 e - 2 potions of brilliance
 h - 5 potions of curing
 i - a potion of berserk rage
 j - 2 potions of flight
 p - 3 potions of heal wounds
 t - a potion of resistance
 w - 2 potions of lignification
 C - 2 potions of magic
 E - 2 potions of haste {unknown}


   Skills:
 + Level 10.3 Fighting
 * Level 14.0 Axes
 + Level 3.7 Throwing
 + Level 9.4 Armour
 + Level 9.5 Shields


You had 10 spell levels left.
You didn't know any spells.
Your spell library contained the following spells:

 Spells                   Type           Power      Damage    Failure   Level
 Animate Skeleton         Necr           0%         N/A       100%        1
 Apportation              Tloc           0%         N/A       100%        1
 Corona                   Hex            0%         N/A       100%        1
 Freeze                   Ice            0%         1d3       100%        1
 Summon Small Mammal      Summ           0%         N/A       100%        1
 Poisonous Vapours        Pois/Air       0%         N/A       100%        2
 Conjure Flame            Conj/Fire      0%         6-21      100%        3
 Frozen Ramparts          Ice            0%         1d2       100%        3
 Mephitic Cloud           Conj/Pois/Air  0%         N/A       100%        3
 Ozocubu's Armour         Ice            0%         N/A       100%        3
 Hailstorm                Conj/Ice       0%         3d3       100%        4
 Metabolic Englaciation   Hex/Ice        0%         N/A       100%        5
 Freezing Cloud           Conj/Ice/Air   0%         6-21      100%        6


Dungeon Overview and Level Annotations

Branches:
Dungeon (10/15)            Temple (1/1) D:6            Lair (1/6) D:9
    Orc: D:9-12

Altars:
Ashenzari
Cheibriados
Dithmenos
Elyvilon
Fedhas
Gozag
Hepliaklqana
Kikubaaqudgha
Nemelex Xobeh
Okawaru
Sif Muna
Trog
Uskayaw
Vehumet
Xom
Yredelemnul
Zin
The Shining One

Shops:
D:1 *

Annotations:
D:5 1 runed translucent door, Orlauf's ghost, amateur DsGl
D:10 1 runed translucent door


Message History

You barely miss the iguana. You slash the komodo dragon! x2
The komodo dragon bites you!
* * * LOW HITPOINT WARNING * * *
The komodo dragon bites you but does no damage.
The 15-headed hydra bites you but does no damage. x2
The 15-headed hydra bites you!
* * * LOW HITPOINT WARNING * * *
You block the 15-headed hydra's attack.
The 15-headed hydra bites you but does no damage.
You block the 15-headed hydra's attack.
The 15-headed hydra bites you but does no damage. x2
The 15-headed hydra bites you.
* * * LOW HITPOINT WARNING * * *
You block the 15-headed hydra's attack.
The 15-headed hydra bites you but does no damage. x2
You block the 15-headed hydra's attack. The 15-headed hydra bites you.
* * * LOW HITPOINT WARNING * * *
The 15-headed hydra bites you but does no damage.
The iguana bites you but does no damage.
You slice one of the 15-headed hydra's heads off!
The 14-headed hydra grows two more!
You slice the 16-headed hydra!! You drain the 16-headed hydra.
The 16-headed hydra is almost dead.
You slice the komodo dragon!!
You kill the komodo dragon!
You barely miss the komodo dragon. You closely miss the iguana.
You block the komodo dragon's attack.
Your Axes skill increases to level 14!
You lop one of the 16-headed hydra's heads off!
The 15-headed hydra grows two more!
You slash the 17-headed hydra!
The 17-headed hydra is almost dead.
You slash the komodo dragon! You closely miss the iguana.
You block the 17-headed hydra's attack.
The 17-headed hydra bites you but does no damage.
You block the 17-headed hydra's attack.
The 17-headed hydra bites you but does no damage.
The 17-headed hydra barely misses you.
The 17-headed hydra bites you but does no damage.
The 17-headed hydra bites you.
You die...

........... ...........
......... ...........
....... ....(.##.##
##.....#
......+............#
###...#......#.....
###...#......#....## .
..'...#......#..D†.## ..
.##...#......#..@l..#...
†##..............l......
.##...P..........l.....#
..#...#...........P....#
......#......P...†≈.....
.......##.#.P#....≈≈...#
..................≈≈≈..#
...................≈≈.#.
#.................≈≈≈≈..


You could see a 17-headed hydra (drained), a komodo dragon (drained) and 2
iguanas.

Vanquished Creatures
  A centaur warrior (D:10)
  A skeletal warrior (D:10)
  Pikel (D:6)
  A deep elf pyromancer (D:7)
  Joseph (D:7)
  2 kobold demonologists (D:10)
  4 komodo dragons (Lair:1)
  A troll (D:10)
  A hornet (D:9)
  14 yaks
  4 steam dragons
  2 acid dragons
  Duvessa (D:7)
  2 water moccasins
  4 orc warriors
  2 ice beasts
  2 sky beasts (D:8)
  A black bear (D:5)
  An ogre (D:6)
  2 centaurs
  A phantom (D:4)
  A lemure (D:6)
  2 kobold brigands
  9 bullfrogs
  A scorpion (D:6)
  A water moccasin zombie (D:6)
  Dowan (D:7)
  A water moccasin skeleton (D:5)
  7 killer bees
  3 wights (D:8)
  2 hounds
  6 centaur zombies
  A bullfrog zombie (D:5)
  A jelly (D:7)
  3 orc priests
  A bullfrog skeleton (D:7)
  8 iguanas
  6 orc wizards
  A killer bee zombie (D:8)
  A hound skeleton (D:5)
  2 gnolls (D:7)
  4 adders
  2 shadow imps (D:7)
  An adder skeleton (D:2)
  2 worms
  4 dart slugs
  26 orcs
  5 bats
  8 endoplasms
  4 goblins
  3 hobgoblins
  4 jackals (D:1)
  19 kobolds
  5 quokkas
  5 ball pythons
  4 frilled lizards
  9 rats
212 creatures vanquished.

Vanquished Creatures (others)
  A sky beast (D:8)
  2 fungi (Lair:1)
  A plant (Lair:1)
4 creatures vanquished.

Grand Total: 216 creatures vanquished

Notes
Turn   | Place    | Note
-------+----------+-------------------------------------------
     0 | D:1      | leviel the Hill Orc Fighter began the quest for the Orb.
     0 | D:1      | Reached XP level 1. HP: 19/19 MP: 1/1
    26 | D:1      | Found Ujaefraz's Assorted Antiques.
   510 | D:1      | Reached XP level 2. HP: 27/27 MP: 2/2
   602 | D:1      | Reached skill level 3 in Axes
   671 | D:1      | Found a faded altar of an unknown god.
   983 | D:1      | Reached XP level 3. HP: 33/33 MP: 3/3
  2169 | D:3      | Reached XP level 4. HP: 35/40 MP: 4/4
  2350 | D:3      | Noticed an ice beast
  2361 | D:3      | Killed an ice beast
  2362 | D:3      | Reached skill level 4 in Axes
  2362 | D:3      | Reached XP level 5. HP: 47/47 MP: 5/5
  3541 | D:4      | Reached XP level 6. HP: 55/55 MP: 6/6
  3706 | D:4      | Reached skill level 5 in Fighting
  3706 | D:4      | Reached skill level 5 in Axes
  3955 | D:5      | Entered Level 5 of the Dungeon
  4044 | D:5      | Noticed an ice beast
  4067 | D:5      | Killed an ice beast
  4074 | D:5      | Reached XP level 7. HP: 48/61 MP: 7/7
  4159 | D:5      | Reached skill level 5 in Shields
  4164 | D:5      | Found a runed translucent door.
  4194 | D:5      | Noticed Orlauf's ghost (amateur DsGl)
  4228 | D:5      | Reached skill level 5 in Armour
  4234 | D:5      | Reached skill level 6 in Axes
  4317 | D:5      | Found an opulent altar of Gozag.
  4428 | D:5      | Found a glowing golden altar of the Shining One.
  4982 | D:6      | Found a staircase to the Ecumenical Temple.
  4995 | D:6      | Reached skill level 7 in Axes
  5013 | D:6      | Reached XP level 8. HP: 50/70 MP: 8/8
  5225 | Temple   | Entered the Ecumenical Temple
  5586 | D:6      | Noticed Pikel
  5738 | D:6      | Killed Pikel
  5739 | D:6      | Reached skill level 9 in Axes
  5974 | D:6      | Reached XP level 9. HP: 79/79 MP: 9/9
  6302 | D:7      | Noticed Dowan
  6302 | D:7      | Noticed Duvessa
  6312 | D:7      | Killed Dowan
  6320 | D:7      | Killed Duvessa
  6539 | D:7      | Reached skill level 10 in Axes
  6794 | D:7      | Noticed Joseph
  6830 | D:7      | Killed Joseph
  6852 | D:7      | Noticed a deep elf pyromancer
  6866 | D:7      | Killed a deep elf pyromancer
  6867 | D:7      | Reached skill level 11 in Axes
  7354 | D:8      | Reached XP level 10. HP: 76/90 MP: 10/10
  7633 | D:8      | Reached skill level 12 in Axes
  8166 | D:8      | Found a sparkling altar of Nemelex Xobeh.
  8387 | D:8      | Found a hide-covered altar of Uskayaw.
  8551 | D:8      | Reached skill level 1 in Throwing
  8647 | D:8      | Found a radiant altar of Vehumet.
  9130 | D:9      | Found a staircase to the Lair.
  9487 | D:9      | Found a shimmering blue altar of Sif Muna.
  9653 | D:9      | Found an iron altar of Okawaru.
  9681 | D:9      | Paralysed by a hornet for 3 turns
  9948 | D:9      | Reached XP level 11. HP: 73/97 MP: 11/11
 10157 | D:9      | Found a white marble altar of Elyvilon.
 10296 | D:10     | Entered Level 10 of the Dungeon
 10321 | D:10     | Reached skill level 13 in Axes
 10395 | D:10     | Noticed a centaur warrior
 10409 | D:10     | Killed a centaur warrior
 10882 | D:10     | Noticed a skeletal warrior
 10901 | D:10     | Killed a skeletal warrior
 10902 | D:10     | Reached skill level 10 in Fighting
 11220 | D:10     | Noticed an orc knight
 11220 | D:10     | Noticed a cyclops
 11224 | D:10     | Found a runed translucent door.
 11234 | D:10     | Noticed a five-headed hydra
 11235 | D:10     | Noticed a boulder beetle
 11260 | Lair:1   | Entered Level 1 of the Lair of Beasts
 11955 | Lair:1   | Noticed a five-headed hydra
 11972 | Lair:1   | HP: 7/150 [15-headed hydra (4)]
 11972 | Lair:1   | HP: 1/150 [15-headed hydra (6)]
 11974 | Lair:1   | Reached skill level 14 in Axes
 11974 | Lair:1   | Slain by a 17-headed hydra

Illustrated notes

Levels and vault maps discovered:
D:1:      evilmike_arrival_plus, layout_loops_corners, serial_shops,
          nicolae_shop_waterfront,
          hellmonk_ecumenical_altar_pennies_from_heaven,
          hangedman_decor_peaks_small
D:2:      layout_basic
D:3:      layout_loops_corners
D:4:      layout_loops_ring
D:5:      layout_basic, kennysheep_mini_moat,
          nicolae_gozag_cash_rules_everything_around_me,
          ebering_ghost_reflecting_pool
D:6:      layout_basic, minmay_temple_entry_glass, uniq_pikel
D:7:      layout_loops_ring, enter_bailey_7, grunt_ministairs_2, uniq_joseph,
          uniq_duvessa
D:8:      layout_layer_cave, lemuel_doored_altar, vehumet_crystals,
          nicolae_uskayaw_suspiria, hangedman_misty_isle
D:9:      layout_irregular_city, overflow_temple_1_default,
          nicolae_overflow_crystal_walls, marbit_many_paths, lair_entry_dummy
D:10:     minmay_the_grid_triangle_9x9_rhombus_full
          [minmay_the_grid_triangle_9x9_corrupted_corridor,
          minmay_the_grid_triangle_9x9_shrine,
          minmay_the_grid_triangle_9x9_negative_grid,
          minmay_the_grid_triangle_9x9_intruding_spiral,
          minmay_the_grid_triangle_9x9_corruption,
          minmay_the_grid_triangle_9x9_subtriangle,
          minmay_the_grid_triangle_9x9_empty,
          minmay_the_grid_triangle_9x9_prize_insulated], layout_stronghold,
          lemuel_crystal_altar, chequers_temple_overflow_minitemple
Temple:   jpeg_temple_alley_garden
Lair:1:   beast_lair_carwin_large_4, layout_regular_city

Skill      XL: |  1  2  3  4  5  6  7  8  9 10 11 |
---------------+----------------------------------+-----
Axes           | 3 4 5 7 9 11 12 14 | 14.0
Fighting       | 4 5 6 7 8 9 10 | 10.3
Armour         | 4 5 6 7 8 9 |  9.4
Shields        | 4 5 6 7 8 9 |  9.5
Throwing       | 2 3 |  3.7

Action                   |  1- 3 |  4- 6 |  7- 9 | 10-12 || total
-------------------------+-------+-------+-------+-------++-------
Melee: War axe           |   130 |   118 |   240 |   297 ||   785
       Unarmed           |       |       |    10 |       ||    10
Evoke: Wand              |       |       |       |    10 ||    10
  Use: Scroll            |       |     8 |       |    17 ||    25
       Potion            |       |       |       |     2 ||     2
Armor: Plate armour      |    97 |    66 |   159 |   276 ||   598
       Skin              |       |       |     7 |       ||     7
Dodge: Dodged            |    17 |    20 |    36 |    86 ||   159
Block: Kite shield       |    73 |    57 |   143 |   245 ||   518

Table legend: (Time is in decaauts)
 A = Elapsed time spent in this place.
 B = Non-inter-level travel time spent in this place.
 C = Inter-level travel time spent in this place.
 D = Time resting spent in this place.
 E = Time spent auto-exploring this place.
 F = Levels seen in this place.
 G = Mean time per level.
                   A        B        C        D        E       F      G
               +--------+--------+--------+--------+--------+-----+--------+
         Total |  12168 |  11652 |    516 |   1594 |   8285 |  12 | 1014.0 |
       Dungeon |  11177 |  10717 |    460 |   1291 |   7745 |  10 | 1117.7 |
        Temple |    282 |    226 |     56 |      0 |    226 |   1 |  282.0 |
          Lair |    708 |    708 |      0 |    303 |    314 |   1 |  708.0 |
               +--------+--------+--------+--------+--------+-----+--------+

Top non-repeatable levels by time:
     D:8: 1800 daAuts
     D:1: 1314 daAuts
     D:9: 1204 daAuts
     D:5: 1140 daAuts
     D:3: 1110 daAuts
     D:7: 1073 daAuts
    D:10: 948 daAuts
     D:6: 928 daAuts
     D:2: 834 daAuts
     D:4: 822 daAuts
  Lair:1: 708 daAuts
  Temple: 282 daAuts
